 Dungeon Crawl Stone Soup version 0.29-a0-1009-g60c99734e7 (webtiles) character file.

Game seed: 5285747152946402109

9055 spaghetti the Conjurer (level 11, -9/80 HPs)
             Began as a Demonspawn Chaos Knight on Aug 9, 2022.
             Was a Plaything of Xom.
             Mangled by a five-headed hydra (14 damage)
             ... on level 12 of the Dungeon.
             The game lasted 00:19:04 (9431 turns).

spaghetti the Conjurer (Demonspawn Chaos Knight)    Turns: 9431, Time: 00:19:05

Health: -9/80      AC:  8    Str: 21    XL:     11   Next: 18%
Magic:  15/18      EV: 12    Int: 24    God:    Xom [.....*]
Gold:   222        SH: 10    Dex: 11    Spells: 10/20 levels left

rFire   + . .      SeeInvis +   N - +6 short sword (distort) {!wshort}
rCold   x . .      Faith    .   F - +0 buckler
rNeg    + . .      Spirit   .   v - +0 acid dragon scales
rPois   +          Reflect  .   L - +0 hat
rElec   .          Harm     .   (no cloak)
rCorr   +          Rampage  .   (no gloves)
Will    +....                   l - +0 pair of boots
Stlth   ++........              y - amulet of magic regeneration {@e2}
HPRegen 1.03/turn               f - ring "Vezelees" {Fire rPois rN+ Int+3 SInv}
MPRegen 0.56/turn               K - +6 ring of strength

@: unable to read
A: large bone plates 2, demonic magic 1, weakness stinger 2, antennae 1, clever
1, strong-willed 1, poison resistance, regeneration 1, strong 1, inability to
read while threatened 1
a: Renounce Religion


You were on level 12 of the Dungeon.
You worshipped Xom.
You were Xom's teddy bear.
You visited 1 branch of the dungeon, and saw 11 of its levels.

You collected 516 gold pieces.
You spent 294 gold pieces at shops.


Innate Abilities, Weirdness & Mutations

You are mostly covered in large bone plates. (SH +6)
Spells you cast may paralyse adjacent enemies.
You have a tail ending in a sharp stinger.
You have a pair of small antennae on your head.
Your mind is acute. (Int +4, Str/Dex -1)
You are strong-willed. (Will+)
Your system is resistant to poisons. (rPois)
Your natural rate of healing is unusually fast.
Your muscles are strong. (Str +4, Int/Dex -1)
You occasionally lose the ability to read scrolls when taking damage.


   Skills:
 + Level 5.5 Fighting
 + Level 5.6 Short Blades
 + Level 4.8 Armour
 + Level 4.5 Dodging
 + Level 5.4 Stealth
 + Level 4.0 Shields
 + Level 5.1 Spellcasting
 + Level 6.4 Conjurations
 + Level 5.7 Summonings
 + Level 5.8 Air Magic


You had 10 spell levels left.
You knew the following spells:

 Your Spells              Type           Power      Damage    Failure   Level
a - Static Discharge      Conj/Air       35%        3-8/arc   1%          2
b - Call Canine Familiar  Summ           33%        N/A       4%          3
c - Lightning Bolt        Conj/Air       17%        1d32      32%         5

Your spell library contained the following spells:

 Spells                   Type           Power      Damage    Failure   Level
 Ensorcelled Hibernation  Hex/Ice        12%        N/A       22%         2
 Inner Flame              Hex/Fire       9%         N/A       41%         3
 Portal Projectile        Hex/Tloc       12%        N/A       41%         3
 Spider Form              Tmut/Pois      6%         N/A       41%         3
 Anguish                  Hex/Necr       3%         N/A       82%         4
 Cause Fear               Hex            3%         N/A       82%         4
 Leda's Liquefaction      Hex/Erth       3%         N/A       82%         4
 Discord                  Hex            3%         N/A       100%        8
 Maxwell's Capacitive Co  Air            17%        ∞         100%        8

Inventory:

Hand Weapons
 a - a +0 short sword of chaos {short}
 I - a +4 morningstar {mace}
   (You took it off a wight on level 10 of the Dungeon)
 N - a +6 short sword of distortion (weapon) {!wshort}
   (You took it off Sonja on level 10 of the Dungeon)
 P - a +0 triple sword {longrare=g}
   (You bought it in a shop on level 11 of the Dungeon)
Missiles
 h - 61 stones (quivered) {throwing}
 u - 5 boomerangs {throwing}
 D - a throwing net {=f!fthrowing}
 H - 6 poisoned darts {throwing}
 M - 3 curare-tipped darts {=fthrowing}
Armour
 b - a +2 leather armour
 l - a +0 pair of boots (worn)
   (You found it on level 1 of the Dungeon)
 v - +0 acid dragon scales (worn)
   (You took it off Maggie on level 8 of the Dungeon)
 E - a +0 kite shield
   (You took it off a gnoll sergeant on level 5 of the Dungeon)
 F - a +0 buckler (worn)
   (You bought it in a shop on level 6 of the Dungeon)
 L - a +0 hat (worn)
   (Xom gifted it to you on level 11 of the Dungeon)
Magical Staves
 G - a staff of poison {!astaff}
   (You found it on level 6 of the Dungeon)
 J - a staff of fire {!astaff}
   (You found it on level 6 of the Dungeon)
Jewellery
 f - the ring "Vezelees" (left hand) {Fire rPois rN+ Int+3 SInv}
   (Xom gifted it to you on level 1 of the Dungeon)

   [ring of fire]

   It enhances your fire magic.
   Int:       It affects your intelligence (+3).
   rF:        It protects you from fire.
   rC:        It makes you vulnerable to cold.
   rPois:     It protects you from poison.
   rN:        It protects you from negative energy.
   SInv:      It lets you see invisible.
 y - an amulet of magic regeneration (around neck) {@e2}
   (You found it on level 3 of the Dungeon)
 K - a +6 ring of strength (right hand)
   (You found it on level 10 of the Dungeon)
Wands
 n - a wand of polymorph (3)
   (Xom gifted it to you on level 2 of the Dungeon)
 s - a wand of iceblast (13)
   (You found it on level 8 of the Dungeon)
 z - a wand of flame (26)
   (You found it on level 4 of the Dungeon)
 C - a wand of paralysis (14)
   (You took it off a wight on level 10 of the Dungeon)
Scrolls
 d - 3 scrolls of fog
 e - 2 scrolls of summoning
 i - a scroll of noise {!r}
 j - 3 scrolls of immolation {!r!r}
 m - 11 scrolls of teleportation {@r4}
 o - 3 scrolls of enchant armour
 r - a scroll of blinking {!r}
 w - a scroll of magic mapping {!r}
 x - a scroll of amnesia
 O - a scroll of vulnerability {!r!r}
Potions
 g - a potion of might
 k - a potion of mutation {!q}
 p - 2 potions of haste {@q3}
 q - 2 potions of magic
 t - 3 potions of lignification {!q}
 A - a potion of degeneration {!q@e2}
 B - a potion of attraction {!q}
Miscellaneous
 c - a piece from Xom's chessboard (13/15)

Dungeon Overview and Level Annotations

Branches:
Dungeon (12/15) Zot: 26970  Temple (0/1) D:6
   Lair: D:8-11         Orc: D:9-12

Altars:
Ashenzari
Cheibriados
Gozag
Kikubaaqudgha
Nemelex Xobeh
Ru
Sif Muna
Trog
Uskayaw
Xom
Jiyva

Shops:
D:4 !   D:6 *   D:11 (   D:12 (

Portals:
Trove: D:10 (give 3 potions of resistance)

Annotations:
D:10 2 transporters

######### ####
#.......# #
....#######.#####.# ..
##...##....#####.#
...#..†).#.#.....##.##
..............#....<.#
......∩...###.#..##..#
......D@..# #........#
...#.....## ###...##.#
##...## #.#.##.# ##...
#.#.##.# #... #. .####
#.... .. .. #..## ####


You could see a five-headed hydra.


Message History

No target in view!
No target in view!
No target in view!
No target in view!
No target in view!
No target in view!
No target in view!
No target in view!
No target in view!
No target in view!
No target in view!
No target in view!
No target in view!
No target in view!
No target in view!
No target in view!
Things that are here:
a +0 dagger {short}; a +0 robe; an orc corpse You now have 222 gold pieces (gained 6).
Xom's generous nature manifests itself.
Something appears at your feet!
You see here a +0 hat.
You see here a +0 hat. 😎 HP[+1]
Your hp is fully restored (80).
Unknown command.
L - a +0 hat You start putting on your armour.
You continue putting on your +0 hat. x4
You finish putting on your +0 hat.
Things that are here:
a +0 dagger {short}; a +0 robe; an orc corpse
There is an open door here.
Key pressed, stopping explore.
Key pressed, stopping explore.
Key pressed, stopping explore.
As you open the door, it creaks loudly!
(D) Dungeon (T) Temple
Where to? (Enter - D:11 @ (x,y), ? - help)
There is a stone staircase leading down here.
You climb downwards.
There is a stone staircase leading up here.
Unknown command.
There is a stone staircase leading up here.
Found Marugem's Weapon Shop.
A five-headed hydra comes into view.
A five-headed hydra is nearby!
A five-headed hydra is nearby!
The five-headed hydra roars!
You barely miss the five-headed hydra. You tail-slap the five-headed hydra.
You block the five-headed hydra's attack.
The five-headed hydra bites you!
The five-headed hydra closely misses you.
The five-headed hydra bites you but does no damage.
You block the five-headed hydra's attack. 😕 HP[-14]
You take 14 damage, and now have 66/80 hp.
You are too injured to fight recklessly!
You are too injured to fight recklessly!
You are too injured to fight recklessly!
You are too injured to fight recklessly!
You are too injured to fight recklessly!
You are too injured to fight recklessly!
You are too injured to fight recklessly!
You are too injured to fight recklessly!
You are too injured to fight recklessly!
You are too injured to fight recklessly!
You are too injured to fight recklessly!
You are too injured to fight recklessly!
Unknown command.
Unknown command.
Casting: Static Discharge (safe; 1% risk of failure)
Confirm with . or Enter, or press ? or * to list all spells.
The five-headed hydra is struck by an arc of lightning.
You are struck by an arc of lightning.
The lightning grounds out.
Malevolent energies surge around you. The five-headed hydra bites you! x2
* * * LOW HITPOINT WARNING * * *
The five-headed hydra bites you!
* * * LOW HITPOINT WARNING * * *
You block the five-headed hydra's attack.
The five-headed hydra bites you.
* * * LOW HITPOINT WARNING * * *
😨 HP[-41] MP[-2]
You take 41 damage, and now have 25/80 hp.
MASSIVE DAMAGE!! (PAUSE)
You lost 2 mp, and now have 16/18 mp.
Casting: Static Discharge (safe; 1% risk of failure)
Confirm with . or Enter, or press ? or * to list all spells.
The five-headed hydra is struck by an arc of lightning!
You are struck by an arc of lightning.
* * * LOW HITPOINT WARNING * * *
The five-headed hydra is struck by an arc of lightning!
You are struck by an arc of lightning.
* * * LOW HITPOINT WARNING * * *
The lightning grounds out.
Malevolent energies surge around you. The five-headed hydra bites you!
You feel threatened and lose the ability to read scrolls!
* * * LOW HITPOINT WARNING * * *
You block the five-headed hydra's attack.
The five-headed hydra bites you!
You die...
Xom cackles wildly!

Skill      XL: |  1  2  3  4  5  6  7  8  9 10 11 |
---------------+----------------------------------+-----
Stealth        | 1 2 3 4 5 |  5.4
Air Magic      | 1 2 3 4 5 |  5.8
Conjurations   | 1 2 3 4 5 6 |  6.4
Spellcasting   | 1 2 3 4 5 |  5.1
Summonings     | 2 3 4 5 |  5.7
Short Blades   | 3 4 5 |  5.6
Dodging        | 1 2 3 4 |  4.5
Armour         | 2 3 4 |  4.8
Shields        | 1 2 3 4 |  4.0
Fighting       | 4 5 |  5.5

Action                   |  1- 3 |  4- 6 |  7- 9 | 10-12 || total
-------------------------+-------+-------+-------+-------++-------
Melee: Short sword       |   162 |   114 |   169 |   102 ||   547
       Tailslap          |    16 |    19 |    18 |    16 ||    69
       Punch             |     1 |       |       |       ||     1
 Cast: Static Discharge  |       |    16 |    65 |    20 ||   101
Evoke: Piece from Xom's  |       |       |     6 |     2 ||     8
       Wand              |       |       |       |     9 ||     9
  Use: Potion            |     1 |     2 |     9 |     2 ||    14
       Scroll            |     5 |       |     5 |     9 ||    19
 Stab: Sleeping          |     4 |     1 |     5 |     2 ||    12
       Paralysed         |       |     3 |    33 |     4 ||    40
       Distracted        |       |       |     2 |       ||     2
       Invisible         |       |       |     1 |       ||     1
Armor: Leather armour    |    54 |    37 |    20 |       ||   111
       Skin              |    41 |       |       |    11 ||    52
       Acid dragon scale |       |       |       |    15 ||    15
Dodge: Dodged            |    57 |    57 |    80 |    39 ||   233
Block: Other             |    16 |    40 |     9 |       ||    65
       Buckler           |       |       |    78 |    54 ||   132

Levels and vault maps discovered:
D:1:      nagdon_arrival_zigzag_paths, layout_basic,
          shapermc_ecumenical_altar_mp_highgroup, minmay_heptomino_l4
D:2:      layout_rooms, basic_altar, amcnicky_mini_pool_small
D:3:      layout_rooms, mainiacjoe_overflow_cross_hatched, lemuel_doored_altar
D:4:      layout_loops_corners, lemuel_crystal_altar, general_overflow_altar,
          serial_shops, shop, st_stairs_12, grunt_ministairs_11,
          corexii_checkpoint_a
D:5:      layout_basic, mainiacjoe_overflow_24_doors,
          mainiacjoe_overflow_small_starburst,
          mainiacjoe_overflow_concentric_impassable,
          wad_floor_pattern_untrapped, minmay_small_thing, uniq_edmund,
          uniq_menkaure, uniq_grinder
D:6:      layout_cave_pools, minmay_temple_entry_drinking_statues,
          serial_gnoll_camp, gnoll_camp_mini_house, gnoll_camp_mini_house,
          gnoll_camp_mini_doghouse, gnoll_camp_mini_doghouse,
          gnoll_camp_mini_shop, gnoll_camp_mini_hut
D:7:      layout_cave_pods, evilmike_ruin_ashenzari,
          mainiacjoe_overflow_alcove_2
D:8:      layout_loops_corners, mainiacjoe_overflow_six_doors_small,
          doesnt_xom_only_xom, uniq_pikel, uniq_maggie
D:10:     gammafunk_jiyva_shrine, layout_basic,
          mainiacjoe_overflow_tiny_flanked, mainiacjoe_overflow_boulevard,
          nicolae_trove_entry_isolated, minivault_16, uniq_josephine,
          uniq_sonja, uniq_joseph
D:11:     layout_irregular_city, serial_shops, nicolae_shop_behind_doors,
          biasface_ghost_orc_armoury
D:12:     minmay_complete_graph, layout_loops_cross, hiddenorc1_lemuel,
          serial_shops, nicolae_shop_bloodbath_and_beyond, trog_hazing_becter

Notes
Turn   | Place    | Note
-------+----------+-------------------------------------------
     0 | D:1      | spaghetti the Demonspawn Chaos Knight began the quest for
                  | the Orb.
     0 | D:1      | Reached XP level 1. HP: 18/18 MP: 1/1
     0 | D:1      | magus.rc [v1.9.6]
     7 | D:1      | You pick up a book of Lightning and begin reading...
     7 | D:1      | You add the spells Static Discharge, Lightning Bolt and
                  | Maxwell's Capacitive Coupling to your library.
    87 | D:1      | Found a faded altar of an unknown god.
   204 | D:1      | Reached skill level 1 in Stealth
   261 | D:1      | Gained mutation: You are partially covered in large bone
                  | plates. (SH +4) [demonic ancestry]
   261 | D:1      | Reached XP level 2. HP: 24/24 MP: 2/2
   272 | D:1      | XOM: silly message
   343 | D:1      | Reached skill level 1 in Air Magic
   671 | D:1      | Reached skill level 1 in Conjurations
   677 | D:1      | Gained mutation: You have a small tail. [demonic ancestry]
   677 | D:1      | Reached XP level 3. HP: 19/29 MP: 3/3
  1174 | D:1      | XOM: draining
  1417 | D:1      | Identified the ring "Vezelees" {Fire rPois rN+ Int+3 SInv}
                  | (Xom gifted it to you on level 1 of the Dungeon)
  1417 | D:1      | XOM: god gift: ring "Vezelees" {Fire rPois rN+ Int+3 SInv}
  1598 | D:2      | Learned a level 2 spell: Static Discharge
  1741 | D:2      | XOM: cloud trail
  1886 | D:2      | XOM: god gift: wand of polymorph (3)
  1945 | D:2      | Found a shimmering blue altar of Sif Muna.
  2033 | D:3      | Found a snail-covered altar of Cheibriados.
  2093 | D:3      | Reached skill level 2 in Air Magic
  2132 | D:3      | XOM: destruction
  2303 | D:3      | Gained mutation: You are mostly covered in large bone
                  | plates. (SH +6) [demonic ancestry]
  2303 | D:3      | Reached XP level 4. HP: 32/33 MP: 4/4
  2374 | D:3      | You pick up a book of the Hunter and begin reading...
  2374 | D:3      | You add the spells Call Canine Familiar, Portal Projectile
                  | and Leda's Liquefaction to your library.
  2415 | D:3      | Reached skill level 2 in Conjurations
  2422 | D:3      | You pick up a book of Hexes and begin reading...
  2422 | D:3      | You add the spells Inner Flame, Cause Fear and Discord to
                  | your library.
  2875 | D:4      | XOM: 2-stop teleportation journey
  3057 | D:4      | XOM: confuse monster(s)
  3062 | D:4      | XOM: summons friendly white imp
  3069 | D:4      | Gained mutation: You have a tail ending in a sharp stinger.
                  | [demonic ancestry]
  3069 | D:4      | Reached XP level 5. HP: 37/41 MP: 4/6
  3072 | D:4      | Reached skill level 1 in Spellcasting
  3072 | D:4      | Reached skill level 1 in Summonings
  3304 | D:4      | Found a shimmering blue altar of Sif Muna.
  3338 | D:4      | Reached skill level 3 in Air Magic
  3504 | D:4      | Found a bloodstained altar of Trog.
  3509 | D:4      | Learned a level 3 spell: Call Canine Familiar
  3566 | D:4      | Found Yvvidad's Distillery.
  3580 | D:4      | Reached skill level 3 in Conjurations
  3580 | D:4      | Reached skill level 2 in Summonings
  3580 | D:4      | Gained mutation: Spells you cast may paralyse adjacent
                  | enemies. [demonic ancestry]
  3580 | D:4      | Reached XP level 6. HP: 37/47 MP: 4/8
  3650 | D:4      | Bought a potion of mutation for 96 gold pieces
  3650 | D:4      | Gained mutation: Your magical capacity is low. (-10% MP)
                  | [potion of mutation]
  3650 | D:4      | Gained mutation: You are frail. (-10% HP) [potion of
                  | mutation]
  3650 | D:4      | Lost mutation: You are frail. (-10% HP) [potion of
                  | mutation]
  3651 | D:4      | Lost mutation: Your magical capacity is low. (-10% MP)
                  | [potion of mutation]
  3651 | D:4      | Gained mutation: Your movements are slightly less
                  | encumbered by armour. (ER -2) [potion of mutation]
  3651 | D:4      | Lost mutation: Your movements are slightly less encumbered
                  | by armour. (ER -2) [potion of mutation]
  3651 | D:4      | Gained mutation: You have a pair of small antennae on your
                  | head. [potion of mutation]
  3651 | D:4      | Gained mutation: You have hidden genetic potential. [potion
                  | of mutation]
  4062 | D:4      | XOM: scenery: summon butterflies
  4279 | D:5      | Entered Level 5 of the Dungeon
  4322 | D:5      | Reached skill level 2 in Spellcasting
  4447 | D:5      | XOM: god gift: 34 gold pieces
  4493 | D:5      | Noticed Menkaure
  4496 | D:5      | XOM: silly message
  4510 | D:5      | Killed Menkaure
  4511 | D:5      | Reached skill level 3 in Short Blades
  4511 | D:5      | Reached skill level 2 in Stealth
  4511 | D:5      | Reached XP level 7. HP: 40/52 MP: 5/10
  4533 | D:5      | Gained mutation: You are strong-willed. (Will+) [hidden
                  | potential]
  4658 | D:5      | Found an ancient bone altar of Kikubaaqudgha.
  4690 | D:5      | Noticed Edmund
  4696 | D:5      | Reached skill level 1 in Dodging
  4702 | D:5      | Killed Edmund
  4703 | D:5      | Reached skill level 2 in Armour
  4793 | D:5      | Found a hide-covered altar of Uskayaw.
  4906 | D:5      | Noticed Grinder
  4917 | D:5      | XOM: potion effect (might)
  4921 | D:5      | Killed Grinder
  4922 | D:5      | Reached skill level 4 in Conjurations
  4922 | D:5      | Reached skill level 3 in Summonings
  5167 | D:5      | Reached XP level 8. HP: 38/58 MP: 9/12
  5174 | D:5      | Gained mutation: Your natural rate of healing is unusually
                  | fast. [hidden potential]
  5174 | D:5      | Lost mutation: You have hidden genetic potential. [hidden
                  | potential expressed]
  5297 | D:6      | Found Yculodirch's General Store.
  5305 | D:6      | Reached skill level 3 in Spellcasting
  5309 | D:6      | Bought a +0 buckler for 58 gold pieces
  5369 | D:6      | XOM: summons 8 friendly demons
  5371 | D:6      | Reached skill level 3 in Stealth
  5372 | D:6      | Reached skill level 4 in Air Magic
  5440 | D:6      | Reached skill level 2 in Dodging
  5522 | D:6      | You pick up a book of Dreams and begin reading...
  5522 | D:6      | You add the spells Ensorcelled Hibernation, Spider Form and
                  | Anguish to your library.
  5531 | D:6      | XOM: give mutation
  5531 | D:6      | Gained mutation: You are frail. (-10% HP) [Xom's mischief]
  5809 | D:6      | Reached skill level 1 in Shields
  5862 | D:6      | Found a staircase to the Ecumenical Temple.
  5972 | D:6      | Reached skill level 4 in Short Blades
  6080 | D:6      | Reached skill level 3 in Armour
  6119 | D:7      | XOM: stealth player
  6125 | D:7      | Reached XP level 9. HP: 34/58 MP: 10/14
  6137 | D:7      | XOM: torment (19/58 hp)
  6262 | D:7      | Found a sacrificial altar of Ru.
  6296 | D:7      | XOM: confusion
  6298 | D:7      | XOM: confusion (+ monsters)
  6300 | D:7      | XOM: enchant monster (bad)
  6304 | D:7      | XOM: confusion
  6359 | D:7      | Reached skill level 4 in Summonings
  6511 | D:7      | XOM: noise
  6537 | D:7      | Noticed a troll
  6552 | D:7      | Killed a troll
  6553 | D:7      | Reached skill level 2 in Shields
  6553 | D:7      | Reached skill level 5 in Conjurations
  6566 | D:7      | Found a broken altar of Ashenzari.
  6610 | D:7      | Reached skill level 4 in Fighting
  6610 | D:7      | Reached skill level 3 in Dodging
  7072 | D:8      | XOM: divination: magic mapping
  7117 | D:8      | XOM: 11-stop teleportation journey
  7129 | D:8      | Reached skill level 4 in Stealth
  7298 | D:8      | Noticed Maggie
  7309 | D:8      | Killed Maggie
  7310 | D:8      | Reached skill level 4 in Spellcasting
  7380 | D:8      | Noticed Pikel
  7387 | D:8      | Killed Pikel
  7507 | D:8      | You fall into a shaft and drop 2 floors!
  7507 | D:10     | Entered Level 10 of the Dungeon
  7558 | D:10     | Noticed Josephine
  7570 | D:10     | HP: 12/52 [Josephine/ghostly fireball (14)]
  7572 | D:10     | Killed Josephine
  7573 | D:10     | Reached skill level 4 in Armour
  7573 | D:10     | Reached skill level 5 in Air Magic
  7573 | D:10     | Reached XP level 10. HP: 22/65 MP: 6/16
  7575 | D:10     | HP: 15/97 [wraith[Josephine] (2)]
  7578 | D:10     | Reached skill level 3 in Shields
  7580 | D:10     | HP: 6/65 [wraith[Josephine] (3)]
  7588 | D:10     | HP: 21/97 [wraith[Josephine] (1)]
  7593 | D:10     | HP: 24/97 [wraith[Josephine] (1)]
  7644 | D:10     | XOM: 1-stop teleportation journey
  7717 | D:10     | XOM: scenery: create altars
  7721 | D:10     | Reached skill level 5 in Short Blades
  7810 | D:10     | XOM: give mutations
  7810 | D:10     | Gained mutation: Potions are less effective at restoring
                  | your health. [Xom's mischief]
  7810 | D:10     | Lost mutation: You are frail. (-10% HP) [Xom's mischief]
  7810 | D:10     | Gained mutation: You occasionally lose the ability to read
                  | scrolls when taking damage. [Xom's mischief]
  7810 | D:10     | Lost mutation: Potions are less effective at restoring your
                  | health. [Xom's mischief]
  7924 | D:10     | Noticed Sonja
  7930 | D:10     | XOM: summons 4 friendly demons
  7933 | D:10     | Found a portal to a secret trove of treasure.
  7937 | D:10     | Killed Sonja
  7938 | D:10     | Reached skill level 5 in Fighting
  7938 | D:10     | Reached skill level 4 in Dodging
  7938 | D:10     | Reached skill level 5 in Summonings
  8018 | D:10     | XOM: smoke on damage
  8020 | D:10     | HP: 15/74 [electric eel/bolt of electricity (16)]
  8026 | D:10     | HP: 11/74 [electric eel/bolt of electricity (10)]
  8217 | D:10     | XOM: 1-stop teleportation journey
  8322 | D:10     | Noticed a great orb of eyes
  8381 | D:10     | Found a transporter.
  8400 | D:10     | Found a sparkling altar of Nemelex Xobeh.
  8403 | D:10     | XOM: destruction
  8411 | D:10     | Reached skill level 5 in Stealth
  8411 | D:10     | Reached skill level 6 in Conjurations
  8413 | D:10     | XOM: summons 4 friendly demons
  8454 | D:10     | Found a transporter.
  8456 | D:10     | Found a viscous altar of Jiyva.
  8456 | D:10     | Noticed a great orb of eyes
  8489 | D:10     | Noticed Joseph
  8497 | D:10     | Killed Joseph
  8517 | D:10     | Noticed a two-headed ogre
  8523 | D:10     | XOM: scenery: summon butterflies
  8536 | D:10     | Killed a two-headed ogre
  8584 | D:10     | Found an opulent altar of Gozag.
  8756 | D:11     | XOM: summons friendly iron imp
  8771 | D:11     | Noticed a manticore
  8777 | D:11     | Killed a manticore
  8778 | D:11     | Reached skill level 5 in Spellcasting
  8778 | D:11     | Reached XP level 11. HP: 48/80 MP: 16/18
  8892 | D:11     | Found Ybliuxt's Weapon Emporium.
  8895 | D:11     | Bought a +0 triple sword for 140 gold pieces
  8895 | D:11     | P - a +0 triple sword {longrare=g}
  8918 | D:11     | XOM: god gift: wand of paralysis (6)
  8990 | D:11     | XOM: scenery: 1 doors close
  9079 | D:11     | Noticed a two-headed ogre
  9085 | D:11     | Killed a two-headed ogre
  9086 | D:11     | Reached skill level 4 in Shields
  9213 | D:11     | XOM: give mutations
  9213 | D:11     | Gained mutation: Your muscles are strong. (Str +4, Int/Dex
                  | -1) [Xom's grace]
  9213 | D:11     | Gained mutation: Your mind is acute. (Int +4, Str/Dex -1)
                  | [Xom's grace]
  9213 | D:11     | Gained mutation: Your system is resistant to poisons.
                  | (rPois) [Xom's grace]
  9228 | D:11     | XOM: destruction
  9259 | D:11     | Learned a level 5 spell: Lightning Bolt
  9317 | D:11     | XOM: god gift: +0 hat
  9422 | D:12     | Found Marugem's Weapon Shop.
  9424 | D:12     | Noticed a five-headed hydra
  9431 | D:12     | HP: 20/80 [/static electricity (5)]
  9431 | D:12     | HP: 5/80 [five-headed hydra (11)]
  9431 | D:12     | Mangled by a five-headed hydra

Vanquished Creatures
  Josephine (D:10)
  2 two-headed ogres
  Sonja (D:10)
  Pikel (D:8)
  2 manticores (D:11)
  Joseph (D:10)
  Maggie (D:8)
  A gargoyle (D:11)
  2 trolls
  Grinder (D:5)
  3 wraiths (D:10)
  3 vampire mosquitoes (D:10)
  Menkaure (D:5)
  A basilisk (D:11)
  A water moccasin (D:7)
  An orc warrior (D:11)
  An ice beast (D:7)
  A lemure (D:8)
  A phantom (D:6)
  5 bullfrogs
  5 gnoll sergeants
  A scorpion (D:5)
  7 wights
  6 killer bees (D:10)
  4 electric eels (D:10)
  A howler monkey (D:5)
  13 hounds
  An orc priest (D:7)
  5 jellies
  5 orc wizards
  An iguana (D:5)
  20 gnolls
  A river rat (D:3)
  3 adders
  A shadow imp (D:6)
  A white imp (D:6)
  2 ufetubi
  A worm (D:3)
  5 dart slugs
  21 orcs
  8 ball pythons
  4 bats
  12 endoplasms
  2 giant cockroaches (D:4)
  7 goblins
  7 hobgoblins
  3 jackals
  3 quokkas
  A dart slug zombie (D:4)
  2 frilled lizards
  5 kobolds
  9 rats
198 creatures vanquished.

Vanquished Creatures (collateral kills)
  Edmund (D:5)
  A jelly (D:5)
  2 hounds
  An adder (D:4)
5 creatures vanquished.

Vanquished Creatures (others)
  2 gnolls (D:3)
  13 plants (D:3)
  14 toadstools (D:1)
29 creatures vanquished.

Grand Total: 232 creatures vanquished

Table legend:
 A = Non-vault XP
 B = Vault XP
 C = Vault XP percentage of total XP
 D = Non-vault monster count
 E = Vault monster count
 F = Vault count percentage of total count
                 A         B        C        D         E       F
            +---------+---------+-------+---------+---------+-------
      Total |    7517 |    5420 |  41.9 |     156 |      45 |  22.4
            +---------+---------+-------+---------+---------+-------
        D:1 |      55 |       5 |   8.3 |      30 |       3 |   9.1
        D:2 |       7 |       0 |   0.0 |       5 |       0 |   0.0
        D:3 |      58 |       0 |   0.0 |      19 |       0 |   0.0
        D:4 |     305 |      24 |   7.3 |      19 |       5 |  20.8
        D:5 |     330 |     771 |  70.0 |      10 |       5 |  33.3
        D:6 |     360 |     772 |  68.2 |      13 |      24 |  64.9
        D:7 |    1028 |       0 |   0.0 |      23 |       0 |   0.0
        D:8 |     276 |    1061 |  79.4 |       4 |       2 |  33.3
       D:10 |    2322 |    2787 |  54.6 |      24 |       6 |  20.0
       D:11 |    2776 |       0 |   0.0 |       9 |       0 |   0.0
            +---------+---------+-------+---------+---------+-------

Illustrated notes

Table legend:
 A = Kills in this place as a percentage of kills in entire the game.
 B = Kills by you in this place as a percentage of kills by you in the entire game.
 C = Kills by friends in this place as a percentage of kills by friends in the entire game.
 D = Other kills in this place as a percentage of other kills in the entire game.
 E = Experience gained in this place as a percentage of experience gained in the entire game.
 F = Experience gained in this place divided by the number of levels of this place that you have seen.
                   A       B       C       D       E      F
               +-------+-------+-------+-------+-------+----------------------
         Total | 100.0 | 100.0 | 100.0 | 100.0 | 100.0 | 1176.1
       Dungeon | 100.0 | 100.0 | 100.0 | 100.0 | 100.0 | 1176.1
               +-------+-------+-------+-------+-------+----------------------

Table legend: (Time is in decaauts)
 A = Elapsed time spent in this place.
 B = Non-inter-level travel time spent in this place.
 C = Inter-level travel time spent in this place.
 D = Time resting spent in this place.
 E = Time spent auto-exploring this place.
 F = Levels seen in this place.
 G = Mean time per level.
                   A        B        C        D        E       F      G
               +--------+--------+--------+--------+--------+-----+--------+
         Total |   9429 |   9206 |    223 |    310 |   7421 |  11 |  857.2 |
       Dungeon |   9429 |   9206 |    223 |    310 |   7421 |  11 |  857.2 |
               +--------+--------+--------+--------+--------+-----+--------+

Top non-repeatable levels by time:
     D:4: 1673 daAuts
     D:1: 1590 daAuts
    D:10: 1240 daAuts
     D:5: 988 daAuts
     D:7: 877 daAuts
     D:6: 818 daAuts
    D:11: 686 daAuts
     D:3: 596 daAuts
     D:8: 491 daAuts
     D:2: 438 daAuts
    D:12: 28 daAuts
